[Event "European Online Club-ch-E 2021"]
[Site "Online"]
[Date "2021.03.27"]
[Round "4.12"]
[White "Cederstam Barsk, Carl"]
[Black "Anacoglu, Cisel"]
[Result "1-0"]
[ECO "D27"]
[WhiteElo "2366"]
[BlackElo "1924"]
[Annotator "NA"]
[PlyCount "121"]
[EventDate "2021.03.27"]
[EventType "team-tourn"]
[EventCountry "NET"]
[SourceTitle "playchess.com"]
[Source "ChessBase"]
[SourceQuality "1"]
[TimeControl "900+5"]

1. Nf3 d5 2. d4 Nf6 3. c4 dxc4 4. e3 e6 5. Bxc4 c5 6. O-O a6 7. dxc5 Qc7 8. b4 a5 9. Qa4+ Bd7 10. Bb5 Bxb5 11. Qxb5+ Qc6 12. Qxc6+ Nxc6 13. b5 Nb4 14. a3 Nd3 15. c6 bxc6 16. bxc6 Ne4 17. Bd2 Be7 18. Nc3 Nxd2 19. Nxd2 Bf6 20. Nde4 Bxc3 21. Nxc3 Rc8 22. Rab1 O-O 23. Rb6 Ne5 24. Rc1 Rxc6 25. Rxc6 Nxc6 26. Ne4 Rb8 27. g3 Rb6 28. Rc5 Kf8 29. Nd6 Ne5 30. Rxe5 Rxd6 31. Rxa5 Rd1+ 32. Kg2 Ra1 33. Ra7 g6 34. g4 h6 35. h4 Kg7 36. g5 h5 37. a4 Kg8 38. Ra8+ Kg7 39. a5 Ra4 40. a6 Kh7 41. f4 Kg7 42. Kf3 Kh7 43. Ke2 Ra3 44. Kd2 Kg7 45. e4 Kh7 46. Kc2 Kg7 47. Kb2 Ra5 48. Kc3 Ra1 49. Kd4 Ra4+ 50. Ke5 Ra1 51. Kd6 Rd1+ 52. Kc6 Rc1+ 53. Kb6 Rb1+ 54. Ka7 Rb4 55. Rb8 Rxe4 56. Rb6 Rxf4 57. Kb7 Rxh4 58. a7 Ra4 59. Ra6 Rb4+ 60. Kc7 Rc4+ 61. Kd7 1-0

[Event "European Online Club-ch-E 2021"]
[Site "Online"]
[Date "2021.03.27"]
[Round "4.15"]
[White "Durarbayli, Vasif"]
[Black "Garrido Dominguez, Jesus"]
[Result "1-0"]
[ECO "C41"]
[WhiteElo "2606"]
[BlackElo "2413"]
[Annotator "ChessBase"]
[PlyCount "49"]
[EventDate "2021.03.27"]
[EventType "team-tourn"]
[EventCountry "NET"]
[SourceTitle "playchess.com"]
[Source "ChessBase"]
[SourceQuality "1"]
[TimeControl "900+5"]

1. e4 d6 2. d4 Nf6 3. Nc3 e5 4. Nf3 Nbd7 5. h3 Be7 6. Be3 c6 7. g4 exd4 8. Nxd4 Nc5 9. Bg2 Qa5 10. O-O g6 11. Nb3 Nxb3 12. axb3 Qc7 13. f4 a6 14. Bd4 O-O 15. f5 g5 16. h4 h6 17. hxg5 hxg5 18. Qd2 Nh7 19. f6 Bd8 20. Rf3 Re8 21. Rh3 Re5 22. Bxe5 dxe5 23. Rxh7 Qb6+ 24. Kh1 Kxh7 25. Qxg5 1-0

[Event "European Online Club-ch-E 2021"]
[Site "Online"]
[Date "2021.03.27"]
[Round "4.16"]
[White "Soham Das"]
[Black "Safarli, Eltaj"]
[Result "1/2-1/2"]
[ECO "E05"]
[WhiteElo "2385"]
[BlackElo "2598"]
[Annotator "ChessBase"]
[PlyCount "106"]
[EventDate "2021.03.27"]
[EventType "team-tourn"]
[EventCountry "NET"]
[SourceTitle "playchess.com"]
[Source "ChessBase"]
[SourceQuality "1"]
[TimeControl "900+5"]

1. d4 Nf6 2. c4 e6 3. g3 d5 4. Bg2 Be7 5. Nf3 O-O 6. O-O dxc4 7. Qc2 a6 8. Qxc4 b5 9. Qc2 Bb7 10. Bf4 Nc6 11. Nc3 Nb4 12. Qd2 c5 13. dxc5 Bxc5 14. Qxd8 Rfxd8 15. a4 bxa4 16. Nxa4 Ba7 17. Rfc1 Rdc8 18. Nc3 Nbd5 19. Nxd5 Nxd5 20. Be5 Nb4 21. Ne1 Bxg2 22. Kxg2 Bc5 23. Ra4 Bf8 24. Rxc8 Rxc8 25. e4 Rc6 26. Bc3 Rb6 27. Kf3 f6 28. Ke2 Bc5 29. f4 Kf7 30. Nf3 Nc6 31. Nd2 Nb8 32. Nc4 Rb5 33. Kd3 Be7 34. e5 Nd7 35. Kc2 Nb6 36. Nxb6 Rxb6 37. Rc4 fxe5 38. fxe5 h5 39. Rc7 Ke8 40. Kd3 g5 41. h3 Kd8 42. Ra7 Rc6 43. Ra8+ Kd7 44. Ra7+ Ke8 45. g4 hxg4 46. hxg4 Bc5 47. Ra8+ Kf7 48. Rd8 Be7 49. Rd7 Ke8 50. Ra7 Bc5 51. Ra8+ Kf7 52. Bd2 Be7 53. Bc3 Bc5 1/2-1/2

[Event "European Online Club-ch-E 2021"]
[Site "Online"]
[Date "2021.03.27"]
[Round "4.18"]
[White "Roiz, Michael"]
[Black "Moussard, Jules"]
[Result "1-0"]
[ECO "A80"]
[WhiteElo "2579"]
[BlackElo "2635"]
[Annotator "ChessBase"]
[PlyCount "127"]
[EventDate "2021.03.27"]
[EventType "team-tourn"]
[EventCountry "NET"]
[SourceTitle "playchess.com"]
[Source "ChessBase"]
[SourceQuality "1"]
[TimeControl "900+5"]

1. d4 f5 2. Bg5 g6 3. Nc3 Bg7 4. Nf3 h6 5. Bd2 e6 6. e4 fxe4 7. Nxe4 d5 8. Ng3 Nc6 9. Bd3 Nge7 10. c3 O-O 11. O-O Nf5 12. Qc2 g5 13. Rae1 Bd7 14. h3 Nxg3 15. fxg3 Qe7 16. Qb3 Qd6 17. g4 Rae8 18. Bb1 e5 19. dxe5 Nxe5 20. Nd4 Nc4 21. Qc2 Rxf1+ 22. Rxf1 Re4 23. Bc1 c5 24. Qf2 cxd4 25. Bxe4 dxe4 26. Qf7+ Kh8 27. Qxc4 Be6 28. Qe2 Qc6 29. Re1 dxc3 30. bxc3 Bxc3 31. Bd2 Bd4+ 32. Be3 Bg7 33. Bxa7 Bd5 34. Qf2 Bc4 35. Bd4 Kh7 36. Bxg7 Kxg7 37. Qd4+ Kg8 38. Rxe4 Bxa2 39. Qd8+ Kg7 40. Qd4+ Kg8 41. Re7 Bf7 42. Qd8+ Kg7 43. Qc7 Qd5 44. Rd7 Qe6 45. Qc3+ Qf6 46. Qxf6+ Kxf6 47. Rxb7 Bd5 48. Rb6+ Kg7 49. Kf2 Be4 50. g3 Ba8 51. Ke3 Bg2 52. h4 Bh3 53. Kf3 Bf1 54. hxg5 hxg5 55. Ke4 Be2 56. Kf5 Bd3+ 57. Kxg5 Be4 58. Ra6 Bd3 59. Ra7+ Kh8 60. Kh6 Bc4 61. g5 Bg8 62. g6 Bd5 63. Rh7+ Kg8 64. Rd7 1-0

[Event "European Online Club-ch-E 2021"]
[Site "Online"]
[Date "2021.03.27"]
[Round "4.19"]
[White "Gozzoli, Yannick"]
[Black "Postny, Evgeny"]
[Result "1/2-1/2"]
[ECO "E15"]
[WhiteElo "2600"]
[BlackElo "2605"]
[Annotator "ChessBase"]
[PlyCount "95"]
[EventDate "2021.03.27"]
[EventType "team-tourn"]
[EventCountry "NET"]
[SourceTitle "playchess.com"]
[Source "ChessBase"]
[SourceQuality "1"]
[TimeControl "900+5"]

1. d4 Nf6 2. c4 e6 3. Nf3 b6 4. g3 Bb4+ 5. Bd2 Bxd2+ 6. Qxd2 Ba6 7. b3 c6 8. Bg2 d5 9. Ne5 Nfd7 10. Nxd7 Nxd7 11. cxd5 cxd5 12. O-O O-O 13. Rc1 Qe7 14. Nc3 Rac8 15. Rc2 Nf6 16. Rac1 Qd6 17. Bf1 Qd7 18. f3 h6 19. Kf2 Rfe8 20. Nd1 Rxc2 21. Rxc2 Rc8 22. Rxc8+ Qxc8 23. Qc3 Qxc3 24. Nxc3 Kf8 25. h3 Ke7 26. Bg2 Kd6 27. f4 Ne8 28. Bf3 Ke7 29. g4 g5 30. Kg3 Nd6 31. h4 f6 32. e3 Bd3 33. hxg5 hxg5 34. f5 exf5 35. Nxd5+ Ke6 36. gxf5+ Kxf5 37. Nc3 Be4 38. Nxe4 Nxe4+ 39. Bxe4+ Kxe4 40. Kg4 b5 41. b4 Kd5 42. Kf5 Kc4 43. a3 Kd5 44. Kg4 Ke4 45. Kh5 Kd5 46. Kg4 Ke4 47. Kh5 Kd5 48. Kg4 1/2-1/2

[Event "European Online Club-ch-E 2021"]
[Site "Online"]
[Date "2021.03.27"]
[Round "4.20"]
[White "Steinberg, Nitzan"]
[Black "Cornette, Matthieu"]
[Result "1/2-1/2"]
[ECO "B30"]
[WhiteElo "2553"]
[BlackElo "2555"]
[Annotator "ChessBase"]
[PlyCount "83"]
[EventDate "2021.03.27"]
[EventType "team-tourn"]
[EventCountry "NET"]
[SourceTitle "playchess.com"]
[Source "ChessBase"]
[SourceQuality "1"]
[TimeControl "900+5"]

1. e4 c5 2. Nf3 Nc6 3. Bb5 e6 4. O-O Nge7 5. Re1 Nd4 6. Nxd4 cxd4 7. d3 a6 8. Ba4 b5 9. Bb3 Bb7 10. Nd2 Nc6 11. a3 Qc7 12. Nf3 Bd6 13. Bd2 O-O 14. c3 Bc5 15. Rc1 Qb6 16. Qe2 dxc3 17. Bxc3 Nd4 18. Bxd4 Bxd4 19. Nxd4 Qxd4 20. Rc3 Rac8 21. Rec1 Rc6 22. Qe3 Qxe3 23. fxe3 Rfc8 24. Rxc6 Rxc6 25. Rxc6 Bxc6 26. Kf2 f6 27. Bc2 Kf7 28. d4 h6 29. g3 Ke7 30. Ke2 d6 31. Kd2 Kd7 32. Kc3 Kc7 33. Bb3 e5 34. Bc2 Be8 35. Bb3 Bh5 36. Kd2 Bf3 37. Bc2 Kb6 38. Kc3 Bg2 39. Bd3 Bf3 40. Bc2 Bg2 41. Bd3 Bf3 42. Bc2 1/2-1/2

[Event "European Online Club-ch-E 2021"]
[Site "Online"]
[Date "2021.03.27"]
[Round "5.1"]
[White "Mikhalevski, Victor"]
[Black "Coursaget, Nicolas"]
[Result "1-0"]
[ECO "A20"]
[WhiteElo "2552"]
[BlackElo "2192"]
[Annotator "ChessBase"]
[PlyCount "77"]
[EventDate "2021.03.27"]
[EventType "team-tourn"]
[EventCountry "NET"]
[SourceTitle "playchess.com"]
[Source "ChessBase"]
[SourceQuality "1"]
[TimeControl "900+5"]

1. c4 Nf6 2. g3 e5 3. Bg2 c6 4. Nf3 Qc7 5. Qc2 g6 6. d4 exd4 7. Nxd4 Bg7 8. O-O O-O 9. Bf4 Qa5 10. Bd6 Re8 11. Nc3 Qh5 12. h3 Bf8 13. g4 Qh6 14. Bg3 d6 15. Rad1 Nbd7 16. Nf3 Qg7 17. Bxd6 Bxd6 18. Rxd6 Nc5 19. Rfd1 Be6 20. b3 h6 21. Nd4 Bd7 22. b4 Ne6 23. Nf3 Nf4 24. e3 Nxg2 25. Kxg2 Be6 26. Ne2 h5 27. Ng5 hxg4 28. Nxe6 gxh3+ 29. Kxh3 Rxe6 30. Rxe6 fxe6 31. Kg2 e5 32. Ng3 Rf8 33. c5 Qf7 34. Rd6 Kg7 35. Qe2 Nd5 36. a3 Kh7 37. Kg1 Qe7 38. Qg4 Rf6 39. Rd7 1-0

[Event "European Online Club-ch-E 2021"]
[Site "Online"]
[Date "2021.03.27"]
[Round "5.2"]
[White "Barbini, Denis"]
[Black "Roiz, Michael"]
[Result "0-1"]
[ECO "A08"]
[WhiteElo "2035"]
[BlackElo "2579"]
[Annotator "ChessBase"]
[PlyCount "78"]
[EventDate "2021.03.27"]
[EventType "team-tourn"]
[EventCountry "NET"]
[SourceTitle "playchess.com"]
[Source "ChessBase"]
[SourceQuality "1"]
[TimeControl "900+5"]

1. Nf3 Nf6 2. g3 c5 3. Bg2 Nc6 4. O-O e5 5. d3 d5 6. e4 Be7 7. Nc3 d4 8. Ne2 Nd7 9. Ne1 h5 10. f4 h4 11. Nf3 hxg3 12. hxg3 Nf6 13. fxe5 Ng4 14. c3 Ngxe5 15. Nxe5 Nxe5 16. cxd4 cxd4 17. Bf4 Nc6 18. Bd2 Ne5 19. Bf4 Bf6 20. Bxe5 Bxe5 21. Nf4 Qg5 22. Qf3 Bg4 23. Qf2 O-O-O 24. Rfc1+ Kb8 25. Rc5 f6 26. Rac1 Qh6 27. Kf1 Qh2 28. Ke1 Bd6 29. R5c4 g5 30. Ne2 Bxe2 31. Kxe2 Bxg3 32. Qf3 g4 33. Qf1 Be5 34. Kd1 Qg3 35. Kc2 Rh2 36. Kb1 Qxg2 37. Rc8+ Rxc8 38. Rxc8+ Kxc8 39. Qf5+ Kc7 0-1

[Event "European Online Club-ch-E 2021"]
[Site "Online"]
[Date "2021.03.27"]
[Round "5.3"]
[White "Postny, Evgeny"]
[Black "Lejeune, Gael"]
[Result "1-0"]
[ECO "E07"]
[WhiteElo "2605"]
[BlackElo "2070"]
[Annotator "ChessBase"]
[PlyCount "187"]
[EventDate "2021.03.27"]
[EventType "team-tourn"]
[EventCountry "NET"]
[SourceTitle "playchess.com"]
[Source "ChessBase"]
[SourceQuality "1"]
[TimeControl "900+5"]

1. d4 d5 2. c4 e6 3. Nf3 Nf6 4. g3 Be7 5. Bg2 O-O 6. O-O c6 7. b3 Re8 8. Nc3 Nbd7 9. Bb2 Nf8 10. Qc2 Bd7 11. e4 dxe4 12. Nxe4 Nxe4 13. Qxe4 Bf6 14. Ne5 Qa5 15. Qe3 Rad8 16. Bc3 Qc7 17. Rad1 Bc8 18. h4 Bxe5 19. dxe5 c5 20. h5 h6 21. Kh2 b6 22. Qe4 Rxd1 23. Rxd1 Rd8 24. Rd2 Rxd2 25. Bxd2 Nd7 26. Bf4 a6 27. g4 b5 28. Bg3 bxc4 29. bxc4 Nf8 30. Qa8 a5 31. f4 Bd7 32. Bh4 Ba4 33. Be1 Bd1 34. Kh3 Qd7 35. Qe4 a4 36. a3 g6 37. Qe3 gxh5 38. gxh5 Bxh5 39. Qxc5 Qd3+ 40. Bg3 Ng6 41. Kh2 Be2 42. Qc6 Qxc4 43. Qxc4 Bxc4 44. Kg1 h5 45. Kf2 h4 46. Bh2 Ne7 47. Ke3 Nf5+ 48. Kd2 Kg7 49. Bf3 h3 50. Bd1 Bb5 51. Bg4 Bf1 52. Ke1 Bg2 53. Bd1 Bc6 54. Kf2 Nd4 55. Kg3 Kg6 56. Bg1 Nb3 57. Bc2+ Kg7 58. Kxh3 Nc1 59. Be3 Ne2 60. Bd3 Nc3 61. Kg3 Nb5 62. Bc5 Nc3 63. Bb4 Nd5 64. Bd2 Kf8 65. Kf2 Ke7 66. Bc4 f6 67. Ke2 fxe5 68. fxe5 Kd7 69. Kd3 Nc7 70. Ba2 Bd5 71. Bb1 Nb5 72. Bb4 Kc6 73. Ke3 Bb3 74. Be4+ Bd5 75. Bg6 Bb3 76. Be8+ Kb6 77. Kf4 Bd5 78. Kg5 Nc7 79. Bxa4 Bc6 80. Bd1 Nd5 81. Bd2 Kc5 82. Bc1 Kd4 83. Bb2+ Kc4 84. Kg6 Be8+ 85. Kg7 Kd3 86. Kf8 Bc6 87. Kf7 Nf4 88. Bc1 Nd5 89. Kxe6 Nc3 90. Bg4 Ba4 91. Bh6 Kc2 92. Bf8 Kb3 93. Kf7 Nb5 94. Bd1+ 1-0

[Event "European Online Club-ch-E 2021"]
[Site "Online"]
[Date "2021.03.27"]
[Round "5.4"]
[White "Marchadour, Emilie"]
[Black "Huzman, Alexander"]
[Result "0-1"]
[ECO "C16"]
[WhiteElo "2006"]
[BlackElo "2561"]
[Annotator "ChessBase"]
[PlyCount "81"]
[EventDate "2021.03.27"]
[EventType "team-tourn"]
[EventCountry "NET"]
[SourceTitle "playchess.com"]
[Source "ChessBase"]
[SourceQuality "1"]
[TimeControl "900+5"]

1. e4 e6 2. d4 d5 3. Nc3 Bb4 4. e5 Qd7 5. Qg4 Bf8 6. f4 b6 7. Bd2 Ba6 8. O-O-O Bxf1 9. Rxf1 Nc6 10. Nge2 Nge7 11. Qf3 Nf5 12. Qf2 h5 13. g3 O-O-O 14. h3 h4 15. g4 Ng3 16. Nxg3 hxg3 17. Qxg3 Nxd4 18. Qd3 c5 19. Be3 Nc6 20. Qa6+ Qb7 21. Qxb7+ Kxb7 22. Bd2 Be7 23. Be1 a6 24. Bg3 Bh4 25. Bh2 Rh7 26. Ne2 Rdh8 27. Rf3 Bd8 28. Bg1 g5 29. Be3 Bc7 30. Bd2 gxf4 31. Nxf4 Nxe5 32. Rg3 Nc4 33. Rf3 Ne5 34. Rg3 Kc6 35. Nh5 Nxg4 36. Rxg4 Rxh5 37. h4 Bd8 38. Be1 R8h6 39. Rf4 f5 40. Ra4 a5 41. a3 0-1

[Event "European Online Club-ch-E 2021"]
[Site "Online"]
[Date "2021.03.27"]
[Round "5.5"]
[White "Chatalbashev, Boris"]
[Black "Oparin, Grigoriy"]
[Result "0-1"]
[ECO "D31"]
[WhiteElo "2530"]
[BlackElo "2652"]
[Annotator "ChessBase"]
[PlyCount "80"]
[EventDate "2021.03.27"]
[EventType "team-tourn"]
[EventCountry "NET"]
[SourceTitle "playchess.com"]
[Source "ChessBase"]
[SourceQuality "1"]
[TimeControl "900+5"]

1. d4 d5 2. c4 e6 3. Nc3 Be7 4. cxd5 exd5 5. Bf4 c6 6. e3 Bf5 7. Nge2 Nd7 8. Ng3 Be6 9. Bd3 g5 10. Be5 f6 11. f4 fxe5 12. dxe5 Qb6 13. Qe2 O-O-O 14. O-O-O d4 15. exd4 gxf4 16. Nh5 Nh6 17. h3 Qxd4 18. Ng7 f3 19. gxf3 Nc5 20. Nxe6 Nxe6 21. Bc4 Qf4+ 22. Kb1 Nd4 23. Qf2 Qxf3 24. Qg1 Qf5+ 25. Bd3 Qxe5 26. Re1 Qg5 27. Qh2 Bd6 28. Ne4 Bxh2 29. Nxg5 Bf4 30. h4 Ng4 31. Nf7 Nf2 32. Nxd8 Rxd8 33. Bxh7 Nxh1 34. Rxh1 Bh6 35. h5 Rf8 36. Rg1 Rf6 37. Be4 Kc7 38. b4 b5 39. Kb2 Rf2+ 40. Kb1 Ne2 0-1

[Event "European Online Club-ch-E 2021"]
[Site "Online"]
[Date "2021.03.27"]
[Round "5.6"]
[White "Moussard, Jules"]
[Black "Moreno Trujillo, Alejandro"]
[Result "1-0"]
[ECO "C07"]
[WhiteElo "2635"]
[BlackElo "2483"]
[Annotator "ChessBase"]
[PlyCount "153"]
[EventDate "2021.03.27"]
[EventType "team-tourn"]
[EventCountry "NET"]
[SourceTitle "playchess.com"]
[Source "ChessBase"]
[SourceQuality "1"]
[TimeControl "900+5"]

1. e4 e6 2. d4 d5 3. Nd2 c5 4. Ngf3 cxd4 5. exd5 Qxd5 6. Bc4 Qd7 7. O-O Nc6 8. Nb3 Nf6 9. Bg5 a6 10. a4 Bd6 11. Nbxd4 Nxd4 12. Qxd4 Be7 13. Qb6 Qc6 14. Qxc6+ bxc6 15. Ne5 Nd7 16. Nxd7 Bxd7 17. Be3 c5 18. b3 Bc6 19. Rad1 O-O 20. Rd2 Rfc8 21. Rfd1 Kf8 22. f3 Ke8 23. Kf2 Rcb8 24. Rd3 Rb7 25. Bf4 Rb4 26. Bd2 Rb7 27. Bc3 Bf6 28. Bxf6 gxf6 29. Rd6 Rc7 30. Re1 Ke7 31. Rxc6 Rxc6 32. Bd5 Rac8 33. Bxc6 Rxc6 34. Re4 Rd6 35. Ke2 Rd5 36. Rg4 Kf8 37. c3 h5 38. Rc4 a5 39. b4 cxb4 40. cxb4 axb4 41. Rxb4 Kg7 42. Rb2 Ra5 43. Ra2 Kf8 44. Kd3 Ke7 45. Kc4 Kd6 46. Kb4 Rg5 47. Rc2 Rg8 48. a5 Rb8+ 49. Ka4 Ra8 50. Kb5 Rb8+ 51. Ka6 Rb3 52. Ka7 h4 53. h3 e5 54. a6 f5 55. Rc4 Rb2 56. Rxh4 Rxg2 57. Rb4 Kc7 58. Rb7+ Kc6 59. Rxf7 f4 60. h4 Rg3 61. h5 Rh3 62. Rf6+ Kc7 63. h6 e4 64. fxe4 f3 65. Rf7+ Kc6 66. Rf6+ Kc7 67. e5 f2 68. Rxf2 Rxh6 69. Rc2+ Kd7 70. Kb7 Rh3 71. Rd2+ Ke6 72. Rd6+ Kxe5 73. Rc6 Rh7+ 74. Rc7 Rh1 75. a7 Rb1+ 76. Kc8 Ra1 77. Kb8 1-0

[Event "European Online Club-ch-E 2021"]
[Site "Online"]
[Date "2021.03.27"]
[Round "5.7"]
[White "Garrido Dominguez, Jesus"]
[Black "Gozzoli, Yannick"]
[Result "1/2-1/2"]
[ECO "C68"]
[WhiteElo "2413"]
[BlackElo "2600"]
[Annotator "ChessBase"]
[PlyCount "202"]
[EventDate "2021.03.27"]
[EventType "team-tourn"]
[EventCountry "NET"]
[SourceTitle "playchess.com"]
[Source "ChessBase"]
[SourceQuality "1"]
[TimeControl "900+5"]

1. e4 e5 2. Nf3 Nc6 3. Bb5 a6 4. Bxc6 dxc6 5. d4 exd4 6. Qxd4 Qxd4 7. Nxd4 Bd7 8. Be3 O-O-O 9. Nd2 Ne7 10. O-O-O c5 11. Ne2 b6 12. f4 f5 13. e5 Nd5 14. Nf1 Bb5 15. Rd2 Be7 16. h4 h5 17. a3 g6 18. g3 c4 19. c3 c5 20. Bf2 Ba4 21. Nh2 Nc7 22. Rxd8+ Rxd8 23. Re1 Rd3 24. Nf1 Ne6 25. Ne3 b5 26. Kb1 Kc7 27. Nc1 Rd8 28. Re2 Kc6 29. Be1 Rd3 30. Nxd3 cxd3 31. Rd2 c4 32. Rg2 Nc5 33. Kc1 Ne4 34. Nf1 Bc5 35. Rh2 Kd5 36. Rg2 a5 37. Rh2 Bb3 38. Rg2 Ba4 39. Rh2 Bb6 40. Rg2 Nc5 41. Nd2 Bd8 42. Bf2 Be7 43. Be3 Bc2 44. Bf2 Ne4 45. Bb6 b4 46. axb4 axb4 47. Ba5 bxc3 48. Nxe4 fxe4 49. Bxc3 Bb3 50. g4 hxg4 51. Rxg4 e3 52. Rxg6 Bxh4 53. e6 e2 54. Rg5+ Kxe6 55. Re5+ Kd6 56. Bb4+ Kc6 57. Bd2 Kd6 58. Bb4+ Kd7 59. Bd2 Bg3 60. Kb1 Bc2+ 61. Kc1 Kc6 62. Re4 Bb3 63. Re5 Kd7 64. Re4 Kd6 65. Re8 Bf2 66. Re5 Bd4 67. Bb4+ Kc6 68. Re6+ Kd5 69. Re8 Bf2 70. Re5+ Kc6 71. Re6+ Kd7 72. Re4 Kc6 73. Re6+ Kd5 74. Re5+ Kc6 75. Bd2 Bd4 76. Re8 Kd7 77. Re4 Bf6 78. Be1 Kd6 79. Re8 Ba4 80. Ra8 Bc2 81. Re8 Kd5 82. Bc3 Bh4 83. Re5+ Kc6 84. Re6+ Kd5 85. Re5+ Kc6 86. Re6+ Kd7 87. Re5 Bb3 88. Re4 Kc6 89. Re5 Bg3 90. Bd2 Kd6 91. Re4 Bf2 92. Bb4+ Kd7 93. Bd2 Kd6 94. Bc3 Kd5 95. Re5+ Kd6 96. Re8 Bg3 97. f5 Bf4+ 98. Bd2 Be5 99. Bc3 Bf4+ 100. Bd2 Be5 101. Bc3 Bf4+ 1/2-1/2

[Event "European Online Club-ch-E 2021"]
[Site "Online"]
[Date "2021.03.27"]
[Round "5.8"]
[White "Cornette, Matthieu"]
[Black "Yashas, D.."]
[Result "1/2-1/2"]
[ECO "B01"]
[WhiteElo "2555"]
[BlackElo "2296"]
[Annotator "ChessBase"]
[PlyCount "121"]
[EventDate "2021.03.27"]
[EventType "team-tourn"]
[EventCountry "NET"]
[SourceTitle "playchess.com"]
[Source "ChessBase"]
[SourceQuality "1"]
[TimeControl "900+5"]

1. e4 d5 2. exd5 Nf6 3. d4 Nxd5 4. c4 Nb6 5. Nf3 g6 6. a4 a5 7. c5 Nd5 8. Qb3 Nc6 9. Bc4 e6 10. Nc3 Ndb4 11. O-O Bg7 12. Rd1 O-O 13. Bg5 Bf6 14. Bxf6 Qxf6 15. Nb5 Qd8 16. Qe3 Kg7 17. Qf4 Na6 18. Ng5 h6 19. Ne4 f5 20. Nec3 Qg5 21. Qf3 Ncb4 22. Ne2 Bd7 23. Nf4 Rae8 24. g3 Qf6 25. Qb3 Bc8 26. Na7 Bd7 27. Rd2 c6 28. Re1 Re7 29. Bxe6 Rfe8 30. Rde2 Qxd4 31. Rd1 Nxc5 32. Rxd4 Nxb3 33. Rxd7 Rxd7 34. Bxd7 Rxe2 35. Nxe2 Nc5 36. Be8 Nxa4 37. b3 Nc5 38. Nd4 Kf6 39. f4 Nbd3 40. Nc8 Nc1 41. Nb6 N1xb3 42. Nxb3 Nxb3 43. Kf2 Nc5 44. Ke3 a4 45. Kd4 a3 46. Kc3 Ne4+ 47. Kb3 g5 48. Bd7 Nd2+ 49. Kxa3 Nf1 50. Bc8 Nxh2 51. Bxb7 Nf1 52. Bxc6 Nxg3 53. fxg5+ hxg5 54. Kb3 f4 55. Kc3 g4 56. Kd3 Kg5 57. Nc4 f3 58. Bxf3 gxf3 59. Ke3 Nf5+ 60. Kxf3 Ne3 61. Nxe3 1/2-1/2

[Event "European Online Club-ch-E 2021"]
[Site "Online"]
[Date "2021.03.27"]
[Round "5.11"]
[White "Arman, Deniz"]
[Black "Abasov, Nijat"]
[Result "1-0"]
[ECO "B22"]
[WhiteElo "2336"]
[BlackElo "2664"]
[Annotator "ChessBase"]
[PlyCount "87"]
[EventDate "2021.03.27"]
[EventType "team-tourn"]
[EventCountry "NET"]
[SourceTitle "playchess.com"]
[Source "ChessBase"]
[SourceQuality "1"]
[TimeControl "900+5"]

1. e4 c5 2. c3 Nf6 3. e5 Nd5 4. d4 cxd4 5. Nf3 d6 6. Qxd4 e6 7. Nbd2 a6 8. Nc4 Nc6 9. Qe4 f5 10. Qe2 dxe5 11. Nfxe5 Nxe5 12. Nxe5 Qc7 13. Qh5+ g6 14. Nxg6 Nf6 15. Qh4 hxg6 16. Qxh8 Kf7 17. Qh4 Bd7 18. Bg5 Bg7 19. Qf4 Qb6 20. Qb4 Qc6 21. O-O-O Nd5 22. Qb3 Rc8 23. Be2 Qc5 24. Rxd5 exd5 25. Bf3 Be6 26. Re1 Qc6 27. Kb1 b5 28. Qb4 Kg8 29. Qe7 Bf7 30. Rd1 Rf8 31. Be3 Qc4 32. Qc5 Qa4 33. b3 Qh4 34. Bxd5 Bxd5 35. Qxd5+ Kh7 36. Bd4 Rd8 37. Qb7 Rg8 38. g3 Qh5 39. Re1 a5 40. Kb2 Qh6 41. Kc2 Kh8 42. Bxg7+ Rxg7 43. Re8+ Kh7 44. Qb8 1-0

[Event "European Online Club-ch-E 2021"]
[Site "Online"]
[Date "2021.03.27"]
[Round "5.12"]
[White "Safarli, Eltaj"]
[Black "Cederstam Barsk, Carl"]
[Result "1-0"]
[ECO "C77"]
[WhiteElo "2598"]
[BlackElo "2366"]
[Annotator "ChessBase"]
[PlyCount "83"]
[EventDate "2021.03.27"]
[EventType "team-tourn"]
[EventCountry "NET"]
[SourceTitle "playchess.com"]
[Source "ChessBase"]
[SourceQuality "1"]
[TimeControl "900+5"]

1. e4 e5 2. Nf3 Nc6 3. Bb5 a6 4. Ba4 Nf6 5. Nc3 b5 6. Bb3 Bc5 7. a4 Rb8 8. axb5 axb5 9. d3 O-O 10. O-O h6 11. Nd5 d6 12. h3 Nxd5 13. Bxd5 Ne7 14. Bb3 Ng6 15. c3 Bb6 16. Be3 Qf6 17. Re1 Nf4 18. d4 Kh8 19. Bxf4 Qxf4 20. Qd3 Qf6 21. Rad1 Rg8 22. Nh2 b4 23. Re3 Be6 24. Rf3 Qe7 25. Bxe6 Qxe6 26. Ng4 bxc3 27. bxc3 exd4 28. cxd4 Rbe8 29. Re1 Rgf8 30. Ree3 Qg6 31. Rf5 Re6 32. Rg3 Qh7 33. d5 Re7 34. h4 Ra8 35. h5 Ra1+ 36. Kh2 f6 37. Qc3 Ra4 38. Nxf6 Bd4 39. Nxh7 Bxc3 40. Nf8 Rexe4 41. Ng6+ Kh7 42. Rxc3 1-0

[Event "European Online Club-ch-E 2021"]
[Site "Online"]
[Date "2021.03.27"]
[Round "5.13"]
[White "Sirosh, Ilja"]
[Black "Ozturk Orenli, Kubra"]
[Result "1/2-1/2"]
[ECO "C01"]
[WhiteElo "2400"]
[BlackElo "2330"]
[Annotator "NA"]
[PlyCount "75"]
[EventDate "2021.03.27"]
[EventType "team-tourn"]
[EventCountry "NET"]
[SourceTitle "playchess.com"]
[Source "ChessBase"]
[SourceQuality "1"]
[TimeControl "900+5"]

1. e4 e5 2. Nf3 Nf6 3. Nxe5 d6 4. Nf3 Nxe4 5. d3 Nf6 6. d4 d5 7. Bd3 Bd6 8. Qe2+ Qe7 9. Qxe7+ Bxe7 10. Bf4 c6 11. O-O O-O 12. Re1 Re8 13. Nbd2 h6 14. h3 Be6 15. a4 a5 16. Nb3 Nbd7 17. Re2 g5 18. Bh2 b6 19. Ne5 Nxe5 20. dxe5 Nd7 21. Nd4 c5 22. Nxe6 fxe6 23. c4 d4 24. Rf1 Rf8 25. f3 Kg7 26. g3 Rae8 27. f4 Bd8 28. Kg2 Bc7 29. h4 Re7 30. hxg5 hxg5 31. g4 gxf4 32. Rxf4 Ref7 33. Rxf7+ Rxf7 34. Bg3 Nf8 35. Bh4 Nd7 36. Bg3 Nf8 37. Bh4 Nd7 38. Bg3 1/2-1/2

[Event "European Online Club-ch-E 2021"]
[Site "Online"]
[Date "2021.03.27"]
[Round "5.14"]
[White "Caglar, Sila"]
[Black "Chukavin, Kirill"]
[Result "1/2-1/2"]
[ECO "E57"]
[WhiteElo "2250"]
[BlackElo "2384"]
[Annotator "NA"]
[PlyCount "165"]
[EventDate "2021.03.27"]
[EventType "team-tourn"]
[EventCountry "NET"]
[SourceTitle "playchess.com"]
[Source "ChessBase"]
[SourceQuality "1"]
[TimeControl "900+5"]

1. e4 c6 2. d4 d5 3. exd5 cxd5 4. c4 Nf6 5. Nc3 e6 6. a3 Nc6 7. Nf3 Be7 8. Bd3 dxc4 9. Bxc4 O-O 10. O-O b6 11. Re1 Bb7 12. Bg5 Rc8 13. Ba2 h6 14. Bf4 Na5 15. Qd3 Re8 16. Ne5 Nd5 17. Nxd5 Bxd5 18. Bb1 f5 19. Qg3 Bh4 20. Qg6 Qf6 21. Ba2 Bxa2 22. Rxa2 Qxg6 23. Nxg6 Bf6 24. Be5 Nb3 25. Rd1 Kf7 26. Nf4 Bxe5 27. dxe5 Red8 28. Re1 Rc1 29. Kf1 Rdd1 30. Rxd1 Rxd1+ 31. Ke2 Rd4 32. Ke3 g5 33. Nh5 f4+ 34. Kf3 Kg6 35. g4 Rd1 36. a4 a5 37. Ra3 Nd4+ 38. Kg2 Re1 39. Rd3 Nc6 40. Rd6 Nxe5 41. Rxe6+ Kf7 42. Rxh6 Nxg4 43. Rxb6 Ra1 44. Rb5 Kg6 45. Nxf4+ gxf4 46. Rxa5 Rb1 47. Kf3 Nxh2+ 48. Kxf4 Rxb2 49. Kg3 Nf1+ 50. Kf3 Nd2+ 51. Kg2 Ne4 52. Kf3 Nxf2 53. Rb5 Ra2 54. a5 Kf6 55. a6 Nd1 56. Rb6+ Ke5 57. Rh6 Nc3 58. Ke3 Nd5+ 59. Kd3 Nf6 60. Kc4 Rxa6 61. Kb5 Ra1 62. Rh2 Rb1+ 63. Kc4 Rc1+ 64. Kb3 Ne4 65. Rh8 Kd5 66. Rd8+ Nd6 67. Kb2 Rc6 68. Kb3 Kd4 69. Kb2 Kd3 70. Rb8 Nf5 71. Rd8+ Nd4 72. Rb8 Rc2+ 73. Kb1 Rh2 74. Rd8 Kc3 75. Rc8+ Kd3 76. Rd8 Rg2 77. Kc1 Rg7 78. Rb8 Rg1+ 79. Kb2 Rg2+ 80. Kb1 Ne2 81. Rd8+ Nd4 82. Rb8 Rh2 83. Rd8 1/2-1/2